TOP OF THE 1ST |
Mississippi Rebels batting - Pitching for Georgetown Hoyas : RHP Jon Jenkins
|
Pitching: RHP Jon Jenkins
|
|
Batting: RHB Lou Hammond
|
0-0: Ball 1-0: Foul Ball, location: 2F 1-1: SINGLE (Groundball, 56)
|
Batting: RHB Simon Lee
|
0-0: Called Strike 0-1: Ball 1-1: Foul Ball, location: 2F 1-2: Fly out, F8 (Flyball, 8RS)
|
Batting: LHB Roger Warren
|
0-0: Ball 1-0: Called Strike 1-1: Called Strike Lou Hammond steals 2nd base 1-2: Fly out, F8 (Flyball, 8RD) Runner from 2nd tags up, SAFE at 3rd, no throw
|
Batting: LHB Jeff Forsyth
|
0-0: Foul Ball, location: 2F 0-1: Swinging Strike 0-2: Ground out 6-3 (Groundball, 6)
|
Top of the 1st over - 0 run(s), 1 hit(s), 0 error(s), 1 left on base; Mississippi 0 - Georgetown 0 |
BOTTOM OF THE 1ST |
Georgetown Hoyas batting - Pitching for Mississippi Rebels : RHP Mike Gordon
|
Pitching: RHP Mike Gordon
|
|
Batting: RHB Bob Lee
|
0-0: Foul Ball, location: 2F 0-1: Ball 1-1: Foul Ball, location: 2F 1-2: Ball 2-2: Ball 3-2: Strikes out swinging
|
Batting: LHB José De La Cruz
|
0-0: Ball 1-0: SINGLE (Flyball, 8LS)
|
Batting: RHB Hubert MacDonald
|
0-0: Ball 1-0: Foul Ball, location: 2F 1-1: Foul Ball, location: 2F 1-2: Foul Ball, location: 2F 1-2: Strikes out swinging
|
Batting: LHB Ken Bullard
|
0-0: Swinging Strike 0-1: Ball 1-1: Called Strike 1-2: Foul Ball, location: 2F 1-2: Ball 2-2: Strikes out swinging
|
Bottom of the 1st over - 0 run(s), 1 hit(s), 0 error(s), 1 left on base; Mississippi 0 - Georgetown 0 |
TOP OF THE 2ND |
Mississippi Rebels batting - Pitching for Georgetown Hoyas : RHP Jon Jenkins
|
Batting: RHB Brian Stewart
|
0-0: Ball 1-0: Foul Ball, location: 2F 1-1: Ball 2-1: Foul Ball, location: 2F 2-2: Foul Ball, location: 2F 2-2: Foul Ball, location: 2F 2-2: Ball 3-2: Strikes out swinging
|
Batting: RHB Jason McIntosh
|
0-0: Ball 1-0: Called Strike 1-1: Swinging Strike 1-2: Strikes out looking
|
Batting: RHB José Rey
|
0-0: Called Strike 0-1: SINGLE (Groundball, 34S)
|
Batting: RHB Jon Waller
|
0-0: Ball 1-0: Called Strike 1-1: Foul Ball, location: 2F 1-2: Foul Ball, location: 2F 1-2: Ball 2-2: Foul Ball, location: 2F 2-2: Foul Ball, location: 2F 2-2: Foul Ball, location: 2F 2-2: Ball 3-2: Foul Ball, location: 2F 3-2: Base on Balls José Rey to second
|
Batting: RHB John Eaves
|
0-0: SINGLE (Flyball, 8RS) José Rey to third Jon Waller to second Runner from 3rd tries for Home, SAFE, no throw or cutoff
|
Batting: RHB Lou Hammond
|
0-0: Ball 1-0: SINGLE (Line Drive, 56) Jon Waller to third John Eaves to second Runner from 3rd tries for Home, SAFE, no throw or cutoff
|
Batting: RHB Simon Lee
|
0-0: Ball 1-0: Foul Ball, location: 2F 1-1: Called Strike 1-2: Ball 2-2: Ground out U3 (Groundball, 3)
|
Top of the 2nd over - 2 run(s), 3 hit(s), 0 error(s), 2 left on base; Mississippi 2 - Georgetown 0 |
BOTTOM OF THE 2ND |
Georgetown Hoyas batting - Pitching for Mississippi Rebels : RHP Mike Gordon
|
Batting: RHB Glenn Rojas
|
0-0: Ball 1-0: Called Strike 1-1: Called Strike 1-2: Ground out 6-3 (Groundball, 6)
|
Batting: RHB Brian Harvey
|
0-0: Ball 1-0: Ball 2-0: Ball 3-0: Base on Balls
|
Batting: LHB Chris Smith
|
0-0: Ball 1-0: Ball 2-0: Ball 3-0: Base on Balls Brian Harvey to second
|
Batting: LHB Matt McCormick
|
0-0: Swinging Strike 0-1: Ball 1-1: Foul Ball, location: 2F 1-2: Strikes out swinging
|
Batting: LHB Preston Leach
|
0-0: Ball 1-0: Fly out, F7 (Flyball, 78M)
|
Bottom of the 2nd over - 0 run(s), 0 hit(s), 0 error(s), 2 left on base; Mississippi 2 - Georgetown 0 |
TOP OF THE 3RD |
Mississippi Rebels batting - Pitching for Georgetown Hoyas : RHP Jon Jenkins
|
Batting: LHB Roger Warren
|
0-0: Ball 1-0: Ball 2-0: Foul Ball, location: 2F 2-1: Foul Ball, location: 2F 2-2: Foul Ball, location: 2F 2-2: Foul Ball, location: 2F 2-2: Strikes out swinging
|
Batting: LHB Jeff Forsyth
|
0-0: Ball 1-0: Called Strike 1-1: DOUBLE (Flyball, 89XD)
|
Batting: RHB Brian Stewart
|
0-0: Ball 1-0: SINGLE (Line Drive, 4M) Jeff Forsyth to third Runner from 3rd tries for Home, SAFE, throw made home Brian Stewart to second
|
Batting: RHB Jason McIntosh
|
0-0: Swinging Strike 0-1: Swinging Strike 0-2: Fly out, F8 (Flyball, 8LXD) Runner from 2nd tags up, SAFE at 3rd, no throw
|
Batting: RHB José Rey
|
0-0: Swinging Strike 0-1: Foul Ball, location: 2F 0-2: Ball 1-2: Foul Ball, location: 2F 1-2: Ball 2-2: Ball 3-2: Ground out 5-3 (Groundball, 15S)
|
Top of the 3rd over - 1 run(s), 2 hit(s), 0 error(s), 1 left on base; Mississippi 3 - Georgetown 0 |
BOTTOM OF THE 3RD |
Georgetown Hoyas batting - Pitching for Mississippi Rebels : RHP Mike Gordon
|
Batting: RHB Bob Lee
|
0-0: Ball 1-0: Called Strike 1-1: Ground out 3-1 (Groundball, 34)
|
Batting: LHB José De La Cruz
|
0-0: Ball 1-0: Called Strike 1-1: Foul Ball, location: 2F 1-2: Foul Ball, location: 2F 1-2: Strikes out swinging
|
Batting: RHB Hubert MacDonald
|
0-0: Ball 1-0: Called Strike 1-1: Ball 2-1: Foul Ball, location: 2F 2-2: Ground out 2-3 (Groundball, 23)
|
Bottom of the 3rd over - 0 run(s), 0 hit(s), 0 error(s), 0 left on base; Mississippi 3 - Georgetown 0 |
TOP OF THE 4TH |
Mississippi Rebels batting - Pitching for Georgetown Hoyas : RHP Jon Jenkins
|
Batting: RHB Jon Waller
|
0-0: Ball 1-0: Swinging Strike 1-1: Foul Ball, location: 2F 1-2: Ball 2-2: Foul Ball, location: 2F 2-2: Ball 3-2: Foul Ball, location: 2F 3-2: Strikes out swinging
|
Batting: RHB John Eaves
|
0-0: Ball 1-0: Fly out, F9 (Flyball, 9M)
|
Batting: RHB Lou Hammond
|
0-0: Ball 1-0: Called Strike 1-1: SINGLE (Line Drive, 8RS)
|
Batting: RHB Simon Lee
|
0-0: Called Strike Lou Hammond steals 2nd base 0-1: Foul Ball, location: 2F 0-2: Foul Ball, location: 2F 0-2: Foul Ball, location: 2F 0-2: Foul Ball, location: 2F 0-2: Ball 1-2: Foul Ball, location: 2F 1-2: Ball 2-2: 2-RUN HOME RUN (Flyball, 7LD), Distance : 319 ft
|
Batting: LHB Roger Warren
|
0-0: Ball 1-0: Fly out, F8 (Flyball, 8LM)
|
Top of the 4th over - 2 run(s), 2 hit(s), 0 error(s), 0 left on base; Mississippi 5 - Georgetown 0 |
BOTTOM OF THE 4TH |
Georgetown Hoyas batting - Pitching for Mississippi Rebels : RHP Mike Gordon
|
Batting: LHB Ken Bullard
|
0-0: Ball 1-0: Ball 2-0: SOLO HOME RUN (Line Drive, 89XD), Distance : 391 ft
|
Batting: RHB Glenn Rojas
|
0-0: Called Strike 0-1: Ball 1-1: Ball 2-1: Swinging Strike 2-2: Foul Ball, location: 2F 2-2: Foul Ball, location: 2F 2-2: Strikes out looking
|
Batting: RHB Brian Harvey
|
0-0: Foul Ball, location: 2F 0-1: Ball 1-1: Ball 2-1: Swinging Strike 2-2: Ball 3-2: Base on Balls
|
Batting: LHB Chris Smith
|
0-0: Ball Wild Pitch! Brian Harvey to second 1-0: Ball 2-0: Foul Ball, location: 2F 2-1: Ground out 6-3 (Groundball, 6M) Brian Harvey to third
|
Batting: LHB Matt McCormick
|
0-0: Ball 1-0: Foul Ball, location: 2F 1-1: Ball 2-1: Ball 3-1: Base on Balls
|
Pitching: RHP Ken Crawford
|
|
Batting: LHB Preston Leach
|
0-0: Ball 1-0: Swinging Strike 1-1: Fly out, F7 (Flyball, 7M)
|
Bottom of the 4th over - 1 run(s), 1 hit(s), 0 error(s), 2 left on base; Mississippi 5 - Georgetown 1 |
TOP OF THE 5TH |
Mississippi Rebels batting - Pitching for Georgetown Hoyas : RHP Jon Jenkins
|
Batting: LHB Jeff Forsyth
|
0-0: Foul Ball, location: 2F 0-1: Ball 1-1: SINGLE (Line Drive, 89S)
|
Batting: RHB Brian Stewart
|
0-0: Grounds into double play, 6-4-3 (Groundball, 6M)
|
Batting: RHB Jason McIntosh
|
0-0: Ball 1-0: Foul Ball, location: 2F 1-1: Fly out, F2 (Popup, 23F)
|
Top of the 5th over - 0 run(s), 1 hit(s), 0 error(s), 0 left on base; Mississippi 5 - Georgetown 1 |
BOTTOM OF THE 5TH |
Georgetown Hoyas batting - Pitching for Mississippi Rebels : RHP Ken Crawford
|
Batting: RHB Bob Lee
|
0-0: Called Strike 0-1: Ball 1-1: SINGLE (Groundball, 6MD) (infield hit)
|
Batting: LHB José De La Cruz
|
0-0: Foul Ball, location: 2F 0-1: Ball 1-1: Foul Ball, location: 2F 1-2: Strikes out swinging
|
Batting: RHB Hubert MacDonald
|
0-0: Swinging Strike 0-1: Ball 1-1: Ball 2-1: Ball 3-1: Called Strike 3-2: Strikes out swinging Bob Lee steals 2nd base Batter strikes out.
|
Batting: LHB Ken Bullard
|
0-0: Called Strike 0-1: Called Strike 0-2: Fly out, F6 (Line Drive, 6)
|
Bottom of the 5th over - 0 run(s), 1 hit(s), 0 error(s), 1 left on base; Mississippi 5 - Georgetown 1 |
TOP OF THE 6TH |
Mississippi Rebels batting - Pitching for Georgetown Hoyas : RHP Jon Jenkins
|
Batting: RHB José Rey
|
0-0: Ball 1-0: Ground out U3 (Groundball, 3L)
|
Pitching: RHP Alejandro Palácios
|
|
Batting: RHB Jon Waller
|
0-0: Ball 1-0: Ground out 4-3 (Groundball, 4)
|
Batting: RHB John Eaves
|
0-0: Ball 1-0: Ball 2-0: Called Strike 2-1: Ball 3-1: Called Strike 3-2: Strikes out looking
|
Top of the 6th over - 0 run(s), 0 hit(s), 0 error(s), 0 left on base; Mississippi 5 - Georgetown 1 |
BOTTOM OF THE 6TH |
Georgetown Hoyas batting - Pitching for Mississippi Rebels : RHP Ken Crawford
|
Batting: RHB Glenn Rojas
|
0-0: Ball 1-0: Ball 2-0: Swinging Strike 2-1: Called Strike 2-2: Strikes out swinging
|
Batting: RHB Brian Harvey
|
0-0: Called Strike 0-1: Fly out, F8 (Flyball, 8LM)
|
Batting: LHB Chris Smith
|
0-0: Called Strike 0-1: TRIPLE (Line Drive, 6MD)
|
Batting: LHB Matt McCormick
|
0-0: Called Strike 0-1: Ball 1-1: Swinging Strike 1-2: Foul Ball, location: 2F 1-2: Strikes out swinging
|
Bottom of the 6th over - 0 run(s), 1 hit(s), 0 error(s), 1 left on base; Mississippi 5 - Georgetown 1 |
TOP OF THE 7TH |
Mississippi Rebels batting - Pitching for Georgetown Hoyas : RHP Alejandro Palácios
|
Batting: RHB Lou Hammond
|
0-0: Ball 1-0: Ball 2-0: Ground out 6-3 (Groundball, 6)
|
Pitching: RHP Brandon Lee
|
|
Batting: RHB Simon Lee
|
0-0: Called Strike 0-1: Swinging Strike 0-2: Strikes out swinging
|
Batting: LHB Roger Warren
|
0-0: Ball 1-0: Ground out 5-3 (Groundball, 56S)
|
Top of the 7th over - 0 run(s), 0 hit(s), 0 error(s), 0 left on base; Mississippi 5 - Georgetown 1 |
BOTTOM OF THE 7TH |
Georgetown Hoyas batting - Pitching for Mississippi Rebels : RHP Ken Crawford
|
Pitching: RHP Chris Roy
|
|
Batting: LHB Preston Leach
|
0-0: Ball 1-0: Ball 2-0: Fly out, F8 (Flyball, 78M)
|
Batting: RHB Bob Lee
|
0-0: Called Strike 0-1: Foul Ball, location: 2F 0-2: Ball 1-2: Fly out, F8 (Flyball, 8RM)
|
Batting: LHB José De La Cruz
|
0-0: Foul Ball, location: 2F 0-1: Called Strike 0-2: Ball 1-2: Foul Ball, location: 2F 1-2: Strikes out swinging
|
Bottom of the 7th over - 0 run(s), 0 hit(s), 0 error(s), 0 left on base; Mississippi 5 - Georgetown 1 |
TOP OF THE 8TH |
Mississippi Rebels batting - Pitching for Georgetown Hoyas : RHP Brandon Lee
|
Batting: LHB Jeff Forsyth
|
0-0: Called Strike 0-1: Ball 1-1: Fly out, F7 (Line Drive, 7M)
|
Pitching: RHP Don Jones
|
|
Batting: RHB Brian Stewart
|
0-0: Ball 1-0: Ball 2-0: Ball 3-0: Base on Balls
|
Pitching: LHP Joseph Elliott
|
|
Batting: RHB Jason McIntosh
|
0-0: Ball 1-0: Ball 2-0: Swinging Strike 2-1: Called Strike 2-2: Ball 3-2: Strikes out swinging
|
Batting: RHB José Rey
|
0-0: Called Strike 0-1: Ball 1-1: Ball 2-1: Called Strike 2-2: Ball 3-2: Foul Ball, location: 2F 3-2: Foul Ball, location: 2F 3-2: Foul Ball, location: 2F 3-2: Base on Balls Brian Stewart to second
|
Batting: RHB Jon Waller
|
0-0: Fly out, F4 (Popup, 8LS)
|
Top of the 8th over - 0 run(s), 0 hit(s), 0 error(s), 2 left on base; Mississippi 5 - Georgetown 1 |
BOTTOM OF THE 8TH |
Georgetown Hoyas batting - Pitching for Mississippi Rebels : RHP Chris Roy
|
Batting: RHB Hubert MacDonald
|
0-0: Called Strike 0-1: Ball 1-1: Called Strike 1-2: Foul Ball, location: 2F 1-2: Ball 2-2: Ball 3-2: Base on Balls
|
Batting: LHB Ken Bullard
|
0-0: Ball 1-0: TRIPLE (Flyball, 8RXD) Hubert MacDonald scores
|
Pitching: RHP John MacHendry
|
|
Batting: RHB Glenn Rojas
|
0-0: Fly out, F5 (Popup, 25F)
|
Batting: RHB Brian Harvey
|
0-0: Swinging Strike 0-1: Ball 1-1: Swinging Strike 1-2: Strikes out swinging
|
Pitching: LHP Frank Carter
|
|
Batting: LHB Chris Smith
|
0-0: Ball 1-0: Fly out, F5 (Popup, 56)
|
Bottom of the 8th over - 1 run(s), 1 hit(s), 0 error(s), 1 left on base; Mississippi 5 - Georgetown 2 |
TOP OF THE 9TH |
Mississippi Rebels batting - Pitching for Georgetown Hoyas : LHP Joseph Elliott
|
Pitching: RHP Greg Thompson
|
|
Batting: RHB John Eaves
|
0-0: DOUBLE (Line Drive, 7LS)
|
Batting: RHB Lou Hammond
|
0-0: Ball 1-0: Ball 2-0: Ball 3-0: Called Strike 3-1: Base on Balls
|
Batting: RHB Simon Lee
|
0-0: Bunted foul 0-1: Sac Bunt - play at first, batter OUT! 1-4 John Eaves to third Lou Hammond to second
|
Batting: LHB Roger Warren
|
0-0: Ball 1-0: Swinging Strike 1-1: Ball 2-1: Ball 3-1: Base on Balls
|
Batting: LHB Jeff Forsyth
|
0-0: GRAND SLAM HOME RUN (Flyball, 7D), Distance : 355 ft
|
Pitching: LHP Felipe Rivera
|
|
Batting: RHB Brian Stewart
|
0-0: Fly out, F5 (Popup, 5SF)
|
Batting: RHB Jason McIntosh
|
0-0: Ball 1-0: Called Strike 1-1: Called Strike 1-2: Fly out, F7 (Flyball, 78M)
|
Top of the 9th over - 4 run(s), 2 hit(s), 0 error(s), 0 left on base; Mississippi 9 - Georgetown 2 |
BOTTOM OF THE 9TH |
Georgetown Hoyas batting - Pitching for Mississippi Rebels : LHP Frank Carter
|
Now in RF: Willard Bader
|
|
Batting: LHB Matt McCormick
|
0-0: Ball 1-0: Ball 2-0: Ball 3-0: Called Strike 3-1: Base on Balls
|
Batting: LHB Preston Leach
|
0-0: Ball 1-0: Swinging Strike 1-1: Ball 2-1: Foul Ball, location: 2F 2-2: Ball 3-2: Foul Ball, location: 2F 3-2: Base on Balls Matt McCormick to second
|
Batting: RHB Bob Lee
|
0-0: Called Strike 0-1: Called Strike 0-2: Foul Ball, location: 2F 0-2: Foul Ball, location: 2F 0-2: Ball 1-2: 3-RUN HOME RUN (Flyball, 78XD), Distance : 383 ft
|
Pitching: LHP Juan Méndez
|
|
Batting: LHB José De La Cruz
|
0-0: Ball 1-0: Foul Ball, location: 2F 1-1: Foul Ball, location: 2F 1-2: Fly out, F8 (Popup, 4MD)
|
Batting: RHB Hubert MacDonald
|
0-0: Ball 1-0: Ball 2-0: Called Strike 2-1: SOLO HOME RUN (Line Drive, 7LD), Distance : 342 ft
|
Batting: LHB Ken Bullard
|
0-0: Foul Ball, location: 2F 0-1: Ball 1-1: Ground out U3 (Groundball, 3)
|
Batting: RHB Glenn Rojas
|
0-0: Ground out 5-3 (Groundball, 5S)
|
Bottom of the 9th over - 4 run(s), 2 hit(s), 0 error(s), 0 left on base; Mississippi 9 - Georgetown 6 |
|